 Dungeon Crawl Stone Soup version 0.31.0 (webtiles) character file.

Game seed: 1294451885248523211

161 qw the Shooter (level 5, -4/32 HPs)
             Began as a Gargoyle Hunter on Jan 20, 2024.
             Incinerated by a bombardier beetle (6 damage)
             ... with a burning spray
             ... on level 3 of the Dungeon.
             The game lasted 00:00:07 (1768 turns).

qw the Shooter (Gargoyle Hunter)                    Turns: 1768, Time: 00:00:07

Health: -4/32      AC: 10    Str: 15    XL:     5   Next: 42%
Magic:  5/5        EV: 11    Int:  9    God:
Gold:   137        SH:  0    Dex: 15    Spells: 4/4 levels left

rFire   . . .        a - +1 shortbow
rCold   . . .        (shield currently unavailable)
rNeg    + . .        l - +0 ring mail
rPois   inf          (no helmet)
rElec   +            (no cloak)
rCorr   .            (no gloves)
SInv    .            j - +0 pair of boots
Will    .....        (no amulet)
Stlth   +            (no ring)
HPRegen 0.25/turn    (no ring)
MPRegen 0.09/turn

%: no passive effects
@: on fire, glowing
A: sickness immunity, AC +4, negative energy resistance 1, electricity
resistance, torment resistance 1, petrification resistance
a: no special abilities


You were on level 3 of the Dungeon.
You visited 1 branch of the dungeon, and saw 3 of its levels.

You collected 137 gold pieces.


Innate Abilities, Weirdness & Mutations

You are immune to sickness and miasma.
Your stone body is resilient. (AC +4)
You are immune to poison.
You resist negative energy. (rN+)
You are resistant to electric shocks. (rElec)
You are resistant to unholy torment.
You are immune to petrification.


   Skills:
 - Level 3.4 Fighting
 + Level 5.6 Ranged Weapons
 - Level 1.8 Armour
 - Level 1.5 Dodging
 - Level 1.1 Stealth


You had 4 spell levels left.
You didn't know any spells.
Your spell library was empty.

Inventory:

Hand Weapons
 a - a +1 shortbow (weapon)
Armour
 j - a +0 pair of boots (worn)
 l - a +0 ring mail (worn)
Scrolls
 c - a scroll of fog {unknown}
Potions
 b - 2 potions of curing {unknown}
 d - 2 potions of invisibility {unknown}
 e - a potion of attraction {unknown}
 f - a potion of mutation {unknown}
 h - a potion of lignification {unknown}
 i - a potion of resistance {unknown}

Dungeon Overview and Level Annotations

Branches:
Dungeon (3/15)

Altars:


Message History

You shoot an arrow.
The arrow barely misses the bombardier beetle.
The arrow misses the frilled lizard.
The bombardier beetle sprays incendiary fluid at you.
The burning spray hits you.
You are covered in liquid fire!
You shoot an arrow.
The arrow barely misses the bombardier beetle.
The arrow misses the frilled lizard.
The liquid fire burns you! The bombardier beetle misses you.
You shoot an arrow. The arrow hits the bombardier beetle.
The bombardier beetle is severely wounded.
The liquid fire burns you!
The bombardier beetle sprays incendiary fluid at you.
The burning spray hits you.
You are even more covered in liquid fire!
You shoot an arrow.
The arrow hits the bombardier beetle but does no damage.
The bombardier beetle is severely wounded.
The liquid fire burns you!
You shoot an arrow. The arrow hits the bombardier beetle.
The bombardier beetle is almost dead.
The liquid fire burns you!
The bombardier beetle bites you but does no damage.
You shoot an arrow. The arrow hits the bombardier beetle.
The bombardier beetle is almost dead.
The liquid fire burns you!
The bombardier beetle sprays incendiary fluid at you.
The burning spray hits you.
You are even more covered in liquid fire!
You shoot an arrow.
The arrow hits the bombardier beetle but does no damage.
The bombardier beetle is almost dead.
The liquid fire burns you!
You shoot an arrow.
The arrow hits the bombardier beetle but does no damage.
The bombardier beetle is almost dead.
The liquid fire burns you!
You die...

# #.....<# #........##
###########..........
# #....##.).......> #.
#....##.......### #..
#....##.......# #...
#....##.......# #....
#.............#
#.....##.......#######
#......@.......#
#.....#B###....#
#......l. #....#
####.#...##...... #
#...##.......
#...#####.... #.<.#
###. #...#


You could see a bombardier beetle and a frilled lizard.

Vanquished Creatures
  A bombardier beetle (D:3)
  Natasha (twice) (D:2)
  3 adders
  A ribbon worm (D:2)
  An orc (D:2)
  5 bats
  3 endoplasms
  2 giant cockroaches
  4 goblins
  3 hobgoblins
  5 jackals (D:2)
  5 kobolds
  3 quokkas
  A frilled lizard (D:3)
  4 rats
43 creatures vanquished.

Notes
Turn   | Place    | Note
-------+----------+-------------------------------------------
     0 | D:1      | qw the Gargoyle Hunter began the quest for the Orb.
     0 | D:1      | Reached XP level 1. HP: 12/12 MP: 1/1
     0 | D:1      | 0 ||| qw: Version: 0.3-a-132-g3d54051
     0 | D:1      | 0 ||| qw: Game counter: 552
     0 | D:1      | 0 ||| qw: Melee chars always use a shield: true
     0 | D:1      | 0 ||| qw: God list: Okawaru
     0 | D:1      | 0 ||| qw: Allow faded altars: false
     0 | D:1      | 0 ||| qw: Do Orc after clearing Dungeon:15 true
     0 | D:1      | 0 ||| qw: Do second Lair branch before Depths: true
     0 | D:1      | 0 ||| qw: Lair rune preference: random
     0 | D:1      | 0 ||| qw: Goals: Normal
     0 | D:1      | 0 ||| PLANNING D:1-11
   110 | D:1      | Reached XP level 2. HP: 17/17 MP: 2/2
   503 | D:1      | 503 ||| UPGRADING to +0 pair of boots.
   508 | D:1      | 508 ||| DROPPING ring of magical power.
   509 | D:1      | 509 ||| READING scroll labelled LAOLAG XOLITO.
   509 | D:1      | 509 ||| ENCHANTING +0 shortbow.
   510 | D:1      | 510 ||| READING scroll labelled SOFOARR JOWO.
   514 | D:1      | 514 ||| DROPPING scroll of butterflies.
   537 | D:2      | 537 ||| STAIRDANCE
   563 | D:2      | 563 ||| FLEEEEING.
   564 | D:2      | 564 ||| STAIRDANCE
   620 | D:2      | Reached XP level 3. HP: 18/21 MP: 3/3
   645 | D:2      | Reached skill level 5 in Ranged Weapons
   677 | D:2      | 677 ||| FLEEEEING.
   871 | D:2      | 871 ||| FLEEEEING.
   982 | D:2      | 982 ||| FLEEEEING.
  1055 | D:2      | Noticed Natasha
  1056 | D:2      | 1056 ||| FLEEEEING.
  1057 | D:2      | 1057 ||| FLEEEEING.
  1066 | D:2      | HP: 3/22 [cerulean imp/+1 spear[Natasha] (4)]
  1067 | D:2      | Killed Natasha
  1068 | D:2      | Reached skill level 3 in Fighting
  1068 | D:2      | Reached XP level 4. HP: 5/28 MP: 4/4
  1343 | D:2      | Noticed Natasha
  1351 | D:2      | Killed Natasha
  1352 | D:2      | 1352 ||| FLEEEEING.
  1409 | D:2      | 1409 ||| UPGRADING to +0 ring mail.
  1419 | D:2      | 1419 ||| DROPPING +0 leather armour.
  1420 | D:2      | 1420 ||| READING scroll labelled BUIDON BUMIT.
  1420 | D:2      | 1420 ||| IDENTIFYING clear potion
  1421 | D:2      | 1421 ||| READING scroll labelled TIULLA JISKYNG.
  1422 | D:2      | 1422 ||| READING scroll labelled EJANIOKKUU.
  1523 | D:2      | 1523 ||| DROPPING potion of berserk rage.
  1562 | D:3      | Reached skill level 1 in Armour
  1562 | D:3      | Reached XP level 5. HP: 16/32 MP: 5/5
  1562 | D:3      | 1562 ||| FLEEEEING.
  1766 | D:3      | HP: 8/32 [burnt (5)]
  1767 | D:3      | HP: 2/32 [burnt (6)]
  1768 | D:3      | Incinerated by a bombardier beetle

Levels and vault maps discovered:
D:1:      psy_arrival_statuary, layout_loops_ring
D:2:      layout_loops_cross, uniq_natasha
D:3:      layout_basic

Skill      XL: |  1  2  3  4 |
---------------+-------------+-----
Ranged Weapons | 5 |  5.6
Fighting       | 3 |  3.4
Armour         | 1 |  1.8
Dodging        | |  1.5
Stealth        | |  1.1

Action                     |  1- 3 |  4- 6 || total
---------------------------+-------+-------++-------
   Fire: Shortbow          |   121 |    60 ||   181
    Use: Scroll            |     2 |     3 ||     5
 Armour: Leather armour    |    43 |     4 ||    47
         Ring mail         |       |     4 ||     4
  Dodge: Dodged            |    39 |     7 ||    46

Table legend:
 A = Non-vault XP
 B = Vault XP
 C = Vault XP percentage of total XP
 D = Non-vault monster count
 E = Vault monster count
 F = Vault count percentage of total count
                 A         B        C        D         E       F
            +---------+---------+-------+---------+---------+-------
      Total |     193 |      37 |  16.1 |      42 |       1 |   2.3
            +---------+---------+-------+---------+---------+-------
        D:1 |      19 |       0 |   0.0 |      10 |       0 |   0.0
        D:2 |      88 |      37 |  29.6 |      21 |       1 |   4.5
        D:3 |      86 |       0 |   0.0 |      11 |       0 |   0.0
            +---------+---------+-------+---------+---------+-------
